Map: Gresvan LE

Players

winzboy

  • Race: Protoss Protoss
  • Spawn Location: 11:00

VOD

Have the link to the VOD?

Description

Time

  • Played on: May 20, 2023, 2:10 a.m.
  • Length: 17:52
Show
View Real Time Build Order
Export as new Build Order

winzboy Protoss 

Build Orders:  

Get SALT Encoding   

  12  0:04  Probe (Chrono Boost)  
  13  0:24  Probe (Chrono Boost)  
  14  0:32  Pylon  
  14  0:41  Probe (Chrono Boost)  
  15  0:58  Gateway  
  15  1:07  Assimilator  
  15  1:09  Probe (Chrono Boost)  
  16  1:26  Probe (Chrono Boost)  
  17  1:43  Probe (Chrono Boost)  
  19  2:00  Probe (Chrono Boost)  
  19  2:08  Nexus  
  19  2:17  Probe (Chrono Boost)  
  20  2:31  Cybernetics Core  
  21  2:40  Assimilator  
  21  2:41  Probe (Chrono Boost)  
  21  3:00  Pylon  
  22  3:21  Probe (Chrono Boost)  
  24  3:47  Probe (Chrono Boost)  
  25  3:56  Stalker  
  25  4:00  Probe (Chrono Boost)  
  25  4:01  Unknown  
  28  4:12  Probe (Chrono Boost)  
  28  4:19  Shield Battery  
  29  4:29  Probe (Chrono Boost), Pylon  
  30  4:33  Sentry  
  30  4:38  Warp Gate  
  32  4:46  Probe (Chrono Boost)  
  33  5:03  Probe (Chrono Boost)  
  34  5:13  Robotics Facility  
  34  5:15  Forge  
  34  5:17  Twilight Council  
  35  5:20  Probe (Chrono Boost)  
  35  5:21  Pylon  
  35  5:32  Stalker  
  35  5:34  Assimilator  
  35  5:37  Probe (Chrono Boost), Assimilator  
  38  5:43  Pylon  
  38  5:53  Probe (Chrono Boost)  
  39  6:00  Protoss Ground Weapons Level 1 (Chrono Boost)  
  39  6:08  Probe  
  40  6:24  Observer  
  40  6:25  Probe  
  42  6:38  Probe (Chrono Boost)  
  43  6:51  Probe (Chrono Boost)  
  43  6:54  Immortal  
  48  7:04  Probe (Chrono Boost)  
  49  7:15  Charge  
  50  7:21  Probe (Chrono Boost), Pylon  
  50  7:23  Pylon  
  50  7:32  Gateway  
  50  7:35  Gateway  
  50  7:38  Probe (Chrono Boost), Gateway  
  51  7:46  Gateway  
  51  7:48  Gateway  
  47  7:50  Gateway  
  47  7:59  Zealot  
  45  8:09  Observer  
  26  9:08  Zealot x2  
  26  9:09  Zealot x2  
  32  9:10  Zealot  
  32  9:11  Zealot  
  32  9:50  Nexus  
  32  9:56  Gateway  
  32  9:58  Pylon  
  32  10:01  Immortal  
  36  10:48  Gateway  
  36  11:00  Stalker  
  36  11:01  Pylon  
  36  11:06  Pylon  
  38  11:13  Pylon  
  38  11:28  Templar Archives  
  38  11:32  Pylon  
  38  11:34  Probe (Chrono Boost)  
  40  11:51  Probe (Chrono Boost)  
  40  12:19  High Templar  
  42  12:20  High Templar x2  
  42  12:21  High Templar x2  
  42  12:22  High Templar x2  
  54  12:33  Archon x2  
  54  12:34  Archon  
  42  12:58  High Templar  
  25  13:08  Zealot x2  
  25  13:09  Zealot  
  29  13:10  Zealot x2  
  33  13:29  High Templar  
  25  13:30  High Templar  
  25  13:36  Archon  
  27  13:40  Zealot  
  27  13:49  High Templar  
  31  14:07  High Templar  
  27  14:57  Nexus  
  27  15:28  Probe (Chrono Boost)  
  28  15:44  Probe (Chrono Boost)  
  28  15:48  High Templar  
  31  15:50  High Templar  
  31  15:56  Archon  
  33  16:12  Zealot  
  33  16:13  Zealot  
  37  16:30  Zealot  
  37  16:38  Zealot  
  41  17:00  Pylon  
  41  17:02  Probe (Chrono Boost)  
  42  17:16  High Templar  
  42  17:18  High Templar  
  42  17:19  Probe (Chrono Boost)  
  47  17:35  Archon  
Tags
 
Matchup
Co-op
Replay Pack
Multiplayer
Add a new tag
Caveats
  • Supply blocks, unpowered buildings, or Contaminate may cause inaccurate times.
  • Supply counts are checked every 10 seconds.